 Dungeon Crawl Stone Soup version 0.32-a0-859-gb0a091d592 (webtiles) character file.

Game seed: 1340266283316534782

7 testman the Charlatan (level 2, 0/21 HPs)
             Began as a Coglin Artificer on Mar 28, 2024.
             Constricted to death by a ball python (2 damage)
             ... on level 1 of the Dungeon.
             The game lasted 00:02:23 (86 turns).

testman the Charlatan (Coglin Artificer)              Turns: 86, Time: 00:02:23

Health: 0/21       AC:  3    Str: 12    XL:     2   Next: 4%
Magic:  2/2        EV:  0    Int: 10    God:
Gold:   0          SH:  0    Dex: 14    Spells: 1/1 levels left

rFire   . . .        i - +0 dagger {Eunwoo}
rCold   . . .        f - +0 dagger {Tae}
rNeg    . . .        b - +0 leather armour
rPois   .            (no helmet)
rElec   .            (no cloak)
rCorr   .            (no gloves)
SInv    .            (no boots)
Will    .....        (amulet unavailable)
Stlth   +            (ring unavailable)
HPRegen 0.23/turn    (ring unavailable)
MPRegen 0.08/turn    (no gizmo)

%: no passive effects
@: constricted, revved
A: off-hand wielding, slow wielding, warmup strikes, no jewellery
a: Invent Gizmo


You were on level 1 of the Dungeon.
You visited 1 branch of the dungeon, and saw 1 of its levels.

Inventory:

Hand Weapons
 a - a +0 club {Eadburga}
 f - a +0 dagger (offhand) {Tae}
 i - a +0 dagger (weapon) {Eunwoo}
Armour
 b - a +0 leather armour (worn)
Wands
 c - a wand of flame (15) (quivered)
 d - a wand of charming (15)
 e - a wand of iceblast (5)
Scrolls
 h - a scroll of fear {unknown}
Potions
 g - a potion of haste {unknown}


   Skills:
 + Level 1.5 Fighting
 - Level 1.7 Armour
 - Level 0.8 Dodging
 - Level 0.7 Stealth
 + Level 4.3 Evocations


You had one spell level left.
You didn't know any spells.
Your spell library contained the following spells:

 Spells                   Type           Power      Damage    Failure   Level
 Inner Flame              Hex/Fire       0%         N/A       82%         3
 Flame Wave               Conj/Fire      0%         2d4       99%         4
 Sticky Flame             Fire/Alch      0%         2d4       99%         4


Dungeon Overview and Level Annotations

Branches:
Dungeon (1/15)

Altars:


Innate Abilities, Weirdness & Mutations

You can wield a second weapon in your off-hand.
It takes a long time for you to wield or remove held weapons.
Your first few attacks do less damage.
You cannot equip rings or amulets.


Message History

You hit the giant cockroach with your +0 dagger.
The giant cockroach bites you. x2
You are too injured to fight recklessly!
You are too injured to fight recklessly!
You are too injured to fight recklessly!
You hit the giant cockroach but do no damage.
The giant cockroach is moderately wounded.
You closely miss the giant cockroach with your +0 dagger.
The giant cockroach bites you but does no damage.
You closely miss the giant cockroach with your +0 dagger.
The giant cockroach is moderately wounded.
You hit the giant cockroach with your +0 dagger.
The giant cockroach barely misses you.
You barely miss the giant cockroach with your +0 dagger.
The giant cockroach is severely wounded.
You closely miss the giant cockroach with your +0 dagger.
The giant cockroach misses you. The ball python bites you.
The ball python closely misses you.
You hit the giant cockroach but do no damage.
The giant cockroach is severely wounded.
You hit the giant cockroach with your +0 dagger.
The ball python barely misses you. The ball python misses you.
The giant cockroach bites you but does no damage.
The quokka bites you.
You hit the giant cockroach but do no damage.
The giant cockroach is almost dead.
You hit the giant cockroach with your +0 dagger.
You kill the giant cockroach!
The quokka barely misses you. The ball python bites you.
* * * LOW HITPOINT WARNING * * *
The ball python bites you.
* * * LOW HITPOINT WARNING * * *
The ball python barely misses you. The quokka bites you.
* * * LOW HITPOINT WARNING * * *
You have reached level 2!
You closely miss the ball python with your +0 dagger.
You hit the ball python with your +0 dagger.
The quokka completely misses you. The ball python barely misses you.
The ball python grabs you. The ball python constricts you.
You die...

....####....#
#.#..#...#.## .
#####.##.#†....###
..##)..#..............
................######
..$.............#
................#
......S.........#
#.....@........#
####.r##)).#...# #.#.
..#.##### # ###....#
#.#### .. .. ##.


You could see a quokka and a ball python.

Vanquished Creatures
  A ball python (D:1)
  A giant cockroach (D:1)
  A goblin (D:1)
  A kobold (D:1)
  A quokka (D:1)
  A frilled lizard (D:1)
6 creatures vanquished.

Notes
Turn   | Place    | Note
-------+----------+-------------------------------------------
     0 | D:1      | testman the Coglin Artificer began the quest for the Orb.
     0 | D:1      | Reached XP level 1. HP: 15/15 MP: 1/1
    86 | D:1      | Reached XP level 2. HP: 2/21 MP: 2/2
    86 | D:1      | Constricted to death by a ball python

Illustrated notes

Levels and vault maps discovered:
D:1:      roderic_octagonal_star, layout_rooms, serial_shops,
          nicolae_shop_hallway_plus, minmay_octomino_j4

Action                     || total
---------------------------++-------
  Melee: Dagger            ||    44
 Armour: Leather armour    ||    18
  Dodge: Dodged            ||    18

Table legend: (Time is in decaauts)
 A = Elapsed time spent in this place.
 B = Non-inter-level travel time spent in this place.
 C = Inter-level travel time spent in this place.
 D = Time resting spent in this place.
 E = Time spent auto-exploring this place.
 F = Levels seen in this place.
 G = Mean time per level.
                   A        B        C        D        E       F      G
               +--------+--------+--------+--------+--------+-----+--------+
         Total |     86 |     86 |      0 |      0 |     31 |   1 |   86.0 |
       Dungeon |     86 |     86 |      0 |      0 |     31 |   1 |   86.0 |
               +--------+--------+--------+--------+--------+-----+--------+

Top non-repeatable levels by time:
     D:1: 86 daAuts
